 Dungeon Crawl Stone Soup version 0.30-a0-168-g0b976cbdc4 (webtiles) character file.

Game seed: 2315350554981422581

36 qw the Chopper (level 3, -4/23 HPs)
             Began as a Gargoyle Fighter on Sept 29, 2022.
             Frozen to death by an endoplasm (5 damage)
             ... on level 2 of the Dungeon.
             The game lasted 00:00:26 (1059 turns).

qw the Chopper (Gargoyle Fighter)                   Turns: 1059, Time: 00:00:27

Health: -4/23      AC: 11    Str: 21    XL:     3   Next: 37%
Magic:  3/3        EV:  9    Int:  8    God:
Gold:   65         SH:  4    Dex:  9    Spells: 2/2 levels left

rFire   . . .      SeeInvis .    Y - +0 war axe
rCold   . . .      Faith    .    c - +0 buckler
rNeg    + . .      Spirit   .    b - +0 scale mail
rPois   inf        Reflect  .    (no helmet)
rElec   +          Harm     .    f - +0 cloak
rCorr   .          Rampage  .    (no gloves)
Will    .....                    (no boots)
Stlth   ..........               (no amulet)
HPRegen 0.07/turn                (no ring)
MPRegen 0.08/turn                (no ring)

@: about to teleport
A: sickness immunity, AC +3, negative energy resistance 1, electricity
resistance, torment resistance 1, petrification resistance
a: no special abilities


You were on level 2 of the Dungeon.
You visited 1 branch of the dungeon, and saw 2 of its levels.

You collected 65 gold pieces.


Innate Abilities, Weirdness & Mutations

You are immune to sickness and miasma.
Your stone body is resilient. (AC +3)
You are immune to poison.
You resist negative energy. (rN+)
You are resistant to electric shocks. (rElec)
You are resistant to unholy torment.
You are immune to petrification.


   Skills:
 - Level 3.2 Fighting
 + Level 3.3 Axes
 - Level 3.2 Armour
 - Level 3.2 Shields


You had 2 spell levels left.
You didn't know any spells.
Your spell library was empty.

Inventory:

Hand Weapons
 e - a +0 mace
 Y - a +0 war axe (weapon)
Armour
 b - a +0 scale mail (worn)
 c - a +0 buckler (worn)
 f - a +0 cloak (worn)
Scrolls
 a - a scroll of teleportation
 g - 2 scrolls of identify {unknown}
Potions
 d - a potion of might
 h - a potion of heal wounds {unknown}

Dungeon Overview and Level Annotations

Branches:
Dungeon (2/15)

Altars:

Annotations:
D:2 Sigmund


Message History

There is a stone staircase leading up here.
Sigmund the Dreaded comes into view.
He is wielding a +0 scythe.
Sigmund shouts!
Sigmund hits you from afar with a +0 scythe!
An endoplasm comes into view.
You closely miss Sigmund.
Sigmund points at you and mumbles some strange words.
You resist with significant effort.
You slash Sigmund!
Sigmund is moderately wounded.
Sigmund hits you but does no damage.
You barely miss Sigmund.
Sigmund is moderately wounded.
Sigmund casts a spell at you. The magic dart hits you.
The endoplasm hits you but does no damage.
Sigmund completely misses you.
You hit Sigmund.
Sigmund is heavily wounded.
You hit the endoplasm. The endoplasm freezes you.
You are frozen.
You hit the endoplasm but do no damage.
The endoplasm is almost dead.
You barely miss Sigmund. Sigmund hits you with a +0 scythe.
The endoplasm hits you but does no damage.
You barely miss the endoplasm.
The endoplasm is almost dead.
You closely miss Sigmund. Sigmund hits you with a +0 scythe.
The endoplasm freezes you.
You are frozen.
The endoplasm closely misses you.
1059 ||| READING 2 scrolls of teleportation.
As you read the scroll of teleportation, it crumbles to dust.
You feel strangely unstable. You block Sigmund's attack.
The endoplasm freezes you.
You are frozen.
You die...

#...# #... ....
#..# #..#
.######..#
......J@.#
######@#########
.......$.<......#
...####.#######.#
#.# #.# #.# ..#
###


You could see Sigmund and an endoplasm.

Vanquished Creatures
  4 ball pythons (D:1)
  4 endoplasms (D:1)
  4 giant cockroaches (D:1)
  4 goblins (D:1)
  3 hobgoblins (D:1)
  4 quokkas (D:1)
  2 bats (D:1)
  6 rats (D:1)
31 creatures vanquished.

Notes
Turn   | Place    | Note
-------+----------+-------------------------------------------
     0 | D:1      | qw the Gargoyle Fighter began the quest for the Orb.
     0 | D:1      | Reached XP level 1. HP: 14/14 MP: 1/1
     0 | D:1      | 0 ||| qw: Version: 0.2-a-12-gaebbb33
     0 | D:1      | 0 ||| qw: Game counter: 1099
     0 | D:1      | 0 ||| qw: Always use a shield: true
     0 | D:1      | 0 ||| qw: God list: Okawaru
     0 | D:1      | 0 ||| qw: Allow faded altars: false
     0 | D:1      | 0 ||| qw: Do Orc after D:15 true
     0 | D:1      | 0 ||| qw: Do second Lair branch before Depths: true
     0 | D:1      | 0 ||| qw: Lair rune preference: random
     0 | D:1      | 0 ||| qw: Plans: Normal, Zot:1-4, God:TSO, Crypt, Tomb,
                  | Pan, Slime:5, Hells, Abyss, Orb
     0 | D:1      | 0 ||| PLANNING D:1-11
    66 | D:1      | 66 ||| Stepping ~*~*~tactically~*~*~ (stealth).
    73 | D:1      | Reached XP level 2. HP: 17/19 MP: 2/2
   313 | D:1      | 313 ||| Stepping ~*~*~tactically~*~*~ (stealth).
   315 | D:1      | 315 ||| Stepping ~*~*~tactically~*~*~ (stealth).
   419 | D:1      | Reached skill level 3 in Axes
   506 | D:1      | Reached XP level 3. HP: 17/23 MP: 3/3
   672 | D:1      | 672 ||| UPGRADING to +0 cloak.
   698 | D:1      | 698 ||| READING 2 scrolls labelled PAMOLO TOCHO.
   704 | D:1      | 704 ||| Stepping ~*~*~tactically~*~*~ (stealth).
   705 | D:1      | 705 ||| Stepping ~*~*~tactically~*~*~ (stealth).
  1051 | D:2      | Noticed Sigmund
  1058 | D:2      | HP: 3/23 [Sigmund/+0 scythe (5)]
  1058 | D:2      | HP: 1/23 [frozen (2)]
  1059 | D:2      | 1059 ||| READING 2 scrolls of teleportation.
  1059 | D:2      | Frozen to death by an endoplasm

Levels and vault maps discovered:
D:1:      onia_arrival_pyramid, layout_loops_ring, hangedman_decor_points,
          hangedman_glass_teeth, minmay_misc_feat_doors
D:2:      layout_loops_ring, hellmonk_ecumenical_altar_pennies_from_heaven,
          uniq_natasha, uniq_sigmund

Skill      XL: |  1  2 |
---------------+-------+-----
Axes           | 2 3 |  3.3
Fighting       | |  3.2
Armour         | |  3.2
Shields        | |  3.2

Action                   || total
-------------------------++-------
Melee: War axe           ||    96
  Use: Scroll            ||     2
Armor: Scale mail        ||    43
Dodge: Dodged            ||    42
Block: Buckler           ||    19

Table legend:
 A = Non-vault XP
 B = Vault XP
 C = Vault XP percentage of total XP
 D = Non-vault monster count
 E = Vault monster count
 F = Vault count percentage of total count
                 A         B        C        D         E       F
            +---------+---------+-------+---------+---------+-------
      Total |      52 |       0 |   0.0 |      31 |       0 |   0.0
            +---------+---------+-------+---------+---------+-------
        D:1 |      52 |       0 |   0.0 |      31 |       0 |   0.0
            +---------+---------+-------+---------+---------+-------
